 Dungeon Sprint DCSS version 0.30-a0-989-g0d87f670db (webtiles) character file.

Game seed: 14335727548986717515

11611 NinjaNoafa the Peltast (level 12, -7/101 HPs)
             Began as a Djinni Conjurer on Apr 3, 2023.
             Was a Priest of Ashenzari.
             Killed from afar by a hellion (30 damage)
             ... with damnation
             ... in the Dungeon (Sprint V: "Ziggurat Sprint").
             The game lasted 00:11:35 (664 turns).

NinjaNoafa the Peltast (Djinni Conjurer)             Turns: 664, Time: 00:11:35

Health: -7/101     AC: 26    Str:  8    XL:     12   Next: 9%
Gold:   0          EV:  7    Int: 36    God:    Ashenzari [***...] SH: 33 Dex: 19

rFire   + + .      SeeInvis +    a - +6 Majin-Bo {spellvamp, MP+6 Int+6, Cun, Evo} (curse)
rCold   + + .      Faith    .    o - +18 shield of the Gong {Loud rN+ Will+ rCorr EV-5, Self, Cun} (curse)
rNeg    + + +      Spirit   .    A - +9 ice dragon scales
rPois   ∞          Reflect  .    (no helmet)
rElec   .          Rampage  .    (no cloak)
rCorr   +          Clarity  +    r - +1 pair of gloves {infuse}
Will    +++..      NoTele   +    (boots unavailable)
Stlth   +                        p - amulet of Vitality {RegenMP++ Regen++, Cun, Self} (curse)
HPRegen 1.96/turn                q - ring "Fetters of Ashenzari" {rF+ rC+ Will+ Int+6 Stlth+, Fort, Cun} (curse)
MPRegen 0.00/turn                s - ring of Nabooma {rN+++ Str+2 Dex+6 SInv Stlth-}

@: wereblooded, flying
A: sickness immunity, fire resistance 2, cold vulnerability 1, float, innate
caster, HP casting, extra vitality 1
a: Renounce Religion, Shatter the Chains


You were in the Dungeon.
You worshipped Ashenzari.
Ashenzari was most pleased with you.
You visited 1 branch

Inventory:

Hand Weapons
 a - the cursed +6 Majin-Bo (weapon) {spellvamp, MP+6 Int+6, Cun, Evo}
   (You found it in the Dungeon)

   Int:       It affects your intelligence (+6).
   MP:        It affects your magic capacity (+6).
   It has a curse which improves the following skills: Cunning: Dodging and
   Stealth.
   Evocations: Evocations.
Armour
 o - the cursed +18 shield of the Gong (worn) {Loud rN+ Will+ rCorr EV-5, Self, Cun}
   (You found it in the Dungeon)

   Loud:      It is deafeningly noisy when blocking attacks.
   EV:        It affects your evasion (-5).
   rN:        It protects you from negative energy.
   rCorr:     It protects you from acid and corrosion.
   Will:      It increases your willpower.
   It has a curse which improves the following skills: Introspection: Fighting
   and Spellcasting.
   Cunning:   Dodging and Stealth.
 r - a +1 pair of gloves of infusion (worn)
 A - +9 ice dragon scales (worn)
Jewellery
 p - the cursed amulet of Vitality (around neck) {RegenMP++ Regen++, Cun, Self}
   (You found it in the Dungeon)

   [amulet of magic regeneration]

   It increases your rate of magic regeneration.
   Regen:     It increases your rate of health regeneration.
   It has a curse which improves the following skills: Cunning: Dodging and
   Stealth.
   Introspection: Fighting and Spellcasting.
 q - the cursed ring "Fetters of Ashenzari" (left hand) {rF+ rC+ Will+ Int+6 Stlth+, Fort, Cun}
   (You found it in the Dungeon)

   [ring of protection from cold]

   Int:       It affects your intelligence (+6).
   rF:        It protects you from fire.
   rC:        It protects you from cold.
   Will:      It increases your willpower.
   Stlth:     It makes you more stealthy.
   It has a curse which improves the following skills: Fortitude: Armour and
   Shields.
   Cunning:   Dodging and Stealth.
 s - the ring of Nabooma (right hand) {rN+++ Str+2 Dex+6 SInv Stlth-}
   (You found it in the Dungeon)

   [ring of dexterity]

   Str:       It affects your strength (+2).
   Dex:       It affects your dexterity (+6).
   rN:        It renders you almost immune to negative energy.
   SInv:      It lets you see invisible.
   Stlth:     It makes you less stealthy.
Wands
 v - a wand of mindburst (5)
 w - a wand of iceblast (7)
 x - a wand of quicksilver (3)
Scrolls
 f - 3 scrolls of blinking
 j - 2 scrolls of brand weapon
 l - 7 scrolls of fog
 m - 5 scrolls of identify
 n - 2 scrolls of fear
Potions
 b - 10 potions of curing
 c - 10 potions of heal wounds
 d - 5 potions of haste
 e - 3 potions of berserk rage
 g - 2 potions of brilliance
 h - 2 potions of invisibility
 i - 4 potions of resistance
 k - 5 potions of might
Miscellaneous
 t - a condenser vane
 u - a lightning rod (4/4)
 y - a phantom mirror
 z - a phial of floods
 B - a box of beasts
 C - a tin of tremorstones (2/2)


   Skills:
 + Level 12.4(14.6) Fighting
 + Level 12.0(13.4) Armour
 - Level 9.6(13.2) Dodging
 - Level 1.5(3.9) Stealth
 - Level 16.6(18.0) Shields
 + Level 10.0(12.2) Spellcasting
 + Level 8.6(10.2) Evocations


You knew the following spells:

 Your Spells              Type           Power      Damage    Failure   Level
a - Flame Wave            Conj/Fire      84%        2d18      1%          4
b - Searing Ray           Conj           100%       2d8       1%          2
c - Frozen Ramparts       Ice            100%       1d16      1%          3
d - Fulminant Prism       Conj/Hex       42%        3d19      1%          4
e - Iskenderun's Mystic   Conj/Tloc      84%        2d17      1%          4
f - Summon Small Mammal   Summ           100%       N/A       1%          1
g - Wereblood             Tmut           84%        N/A       1%          2
h - Static Discharge      Conj/Air       100%       2-7/arc   1%          2
i - Dazzling Flash        Conj/Hex       100%       N/A       1%          3
j - Magic Dart            Conj           100%       1d8       1%          1
Your spell library was empty.

Dungeon Overview and Level Annotations

Branches:
Dungeon (1/1)

Altars:
Ashenzari
Cheibriados
Dithmenos
Elyvilon
Fedhas
Gozag
Hepliaklqana
Makhleb
Nemelex Xobeh
Okawaru
Qazlal
Ru
Trog
Uskayaw
Wu Jian
Xom
Yredelemnul
Zin
The Shining One
Jiyva
Lugonu

Annotations:
D 1 transporter


Innate Abilities, Weirdness & Mutations

You are immune to sickness and miasma.
You are immune to poison.
Your flesh is very heat resistant. (rF++)
You are vulnerable to cold. (rC-)
You float through the air rather than walking.
You learn spells naturally, not from books.
Your magical power is your life essence.
You have superior vitality. (+4 MHP)


Message History

The ancient champion is lightly damaged.
The flame wave engulfs the ancient lich but does no damage.
The ancient lich is moderately damaged.
The flame wave engulfs the war gargoyle but does no damage.
The war gargoyle is lightly damaged.
The flame wave engulfs the ancient champion.
The ancient champion is moderately damaged.
The flame wave engulfs the crystal echidna.
The crystal echidna completely resists.
The crystal echidna is lightly damaged.
The flame wave engulfs the ancient champion.
The ancient champion is lightly damaged.
The flame wave engulfs the ancient champion but does no damage.
The ancient champion is heavily damaged.
The flame wave engulfs the iron dragon.
You feel better.
The iron dragon resists.
The iron dragon is lightly wounded.
The flame wave engulfs the ancient lich!
The ancient lich resists.
The ancient lich is moderately damaged.
The ancient lich touches you!
You block the ancient champion's attack.
BONNNG!
You block the iron giant's attack.
GONNNNG!
The ancient champion points at you and mumbles some strange words.
The iron shot hits you!!!
Ouch! That really hurt!
* * * LOW HITPOINT WARNING * * *
The ancient lich touches you.
* * * LOW HITPOINT WARNING * * *
The ancient champion barely misses you.
Unknown command.
Okay, then.
Blink to where?
Press: ? - help, Dir - move target
As you read the scroll of blinking, it crumbles to dust.
The hellion gestures at you.
The sphere of damnation explodes!
The damnation engulfs you!!
You die...

, , ▓...8© * , , ,
,▓..)): * , ▓....: ,
, , ,▓..... , * , ,
▓..... ,, , ,, ,,
▓....) , , ,,©,
▓..... ,*
*,▓▓▓▓▓▓▓▓▓** ▓.▓...
,
,▓@...8©8....▓....©
, ▓..=?)[:)}..▓▓▓▓▓▓
, ▓...||[||...▓...8©
* *
▓...........▓..|[) 8
,,
,,▓....z.9....▓....}
, ,,
▓....2LD....▓..... ,
, ▓....zC.Lr..▓.....
▓..▓.z.§z▓, ▓.....
,*▓▓.z.▓▓ ▓.....


You could see an iron giant, an iron dragon, 2 ancient liches, 4 ancient
champions, a war gargoyle and a hellion.

Vanquished Creatures
  2 white draconians (D)
  A green death (D)
  A hydra (shapeshifter) (D)
  A satyr (shapeshifter) (D)
  A wretched star (D)
  A shining eye (D)
  An ugly thing (D)
  A cyclops (shapeshifter) (D)
  4 draconians (D)
  An elephant (D)
  4 cane toads (D)
  A torpor snail (shapeshifter) (D)
  A cane toad (shapeshifter) (D)
  A komodo dragon (D)
  A hornet (shapeshifter) (D)
  A polar bear (D)
  A spriggan (D)
  A culicivora (shapeshifter) (D)
  A slime creature (D)
  2 yaks (D)
  A neqoxec (D)
  A basilisk (D)
  A floating eye (shapeshifter) (D)
  2 water moccasins (D)
  2 wolves (D)
  4 phantoms (D)
  A necrophage (D)
  A wight (D)
  A small abomination (D)
  2 crimson imps (D)
  5 quasits (D)
  6 jellies (D)
  2 iron imps (D)
  2 iguanas (D)
  A river rat (D)
  A shadow imp (D)
  2 white imps (D)
  An ufetubus (D)
  2 adder skeletons (D)
  An adder zombie (D)
  A bat skeleton (D)
  A bat zombie (D)
  An endoplasm (D)
  2 jackals (D)
  A jackal skeleton (D)
  A quokka skeleton (D)
  A quokka zombie (D)
75 creatures vanquished.

Vanquished Creatures (others)
  3 fulminant prisms (D)
3 creatures vanquished.

Grand Total: 78 creatures vanquished

Notes
Turn   | Place    | Note
-------+----------+-------------------------------------------
     0 | D        | NinjaNoafa the Djinni Conjurer began the quest for the Orb.
     0 | D        | NinjaNoafa set off with the following spells memorised:
                  | Magic Dart, Searing Ray, Dazzling Flash, Fulminant Prism,
                  | Iskenderun's Mystic Blast.
     0 | D        | Reached XP level 1. HP: 15/15 MP: 0/0
     0 | D        | Found a sacrificial altar of Ru.
     0 | D        | Found a bloodstained altar of Trog.
     0 | D        | Found a stormy altar of Qazlal.
     0 | D        | Found an iron altar of Okawaru.
     0 | D        | Found a sparkling altar of Nemelex Xobeh.
     0 | D        | Found a blossoming altar of Fedhas.
     0 | D        | Found the +6 Majin-Bo {spellvamp, MP+6 Int+6}
     0 | D        | Found the +27 heavy crossbow "Sniper" {heavy, Acc+∞ SInv}
     0 | D        | Found the +10 dark maul {heavy}
     0 | D        | Found the +15 Maxwell's patent armour {-Cast -Tele rElec
                  | Will+ rCorr}
     0 | D        | Found the +18 shield of the Gong {Loud rN+ Will+ rCorr
                  | EV-5}
     0 | D        | Found the +16 obsidian axe {drain, demonic, Mesm Drain Fly
                  | SInv}
     0 | D        | Found the +7 great mace "Firestarter" {flame, inner flame,
                  | rFlCloud rF++}
     0 | D        | Found the +6 shillelagh "Devastator" {shatter}
     0 | D        | Found the +11 plutonium sword {Contam Stlth-}
     0 | D        | Found the +8 lance "Wyrmbane" {slay drac, rPois rF+ rC+
                  | AC+3}
     0 | D        | Found the +9 sword of Zonguldrok {reap}
     0 | D        | Found the +13 scythe of Curses {drain, curses, Drain}
     0 | D        | Found the +9 sword of Power {lifebolt}
     0 | D        | Found the +7 mace of Variability {chaos, chain chaos}
     0 | D        | Found the +11 Singing Sword {sonic wave}
     0 | D        | Found the +8 storm bow {elec, penet}
     2 | D        | Found a transporter.
     2 | D        | Found a viscous altar of Jiyva.
     2 | D        | Found a corrupted altar of Lugonu.
     2 | D        | Found a hazy altar of Hepliaklqana.
     2 | D        | Found a burning altar of Makhleb.
     2 | D        | Found an opulent altar of Gozag.
    61 | D        | Became a worshipper of Ashenzari the Shackled
   129 | D        | Entered arena 2.
   129 | D        | Noticed a spriggan
   129 | D        | Noticed a wolf
   129 | D        | Found a transporter.
   130 | D        | Reached skill level 5 in Fighting
   130 | D        | Reached skill level 5 in Spellcasting
   130 | D        | Reached XP level 2. HP: 28/28 MP: 0/0
   137 | D        | Killed a spriggan
   138 | D        | Reached XP level 3. HP: 33/36 MP: 0/0
   138 | D        | Learned a level 1 spell: Summon Small Mammal
   138 | D        | Reached XP level 4. HP: 38/42 MP: 0/0
   138 | D        | Reached XP level 5. HP: 43/47 MP: 0/0
   138 | D        | Learned a level 2 spell: Wereblood
   142 | D        | Killed a wolf
   143 | D        | Reached XP level 6. HP: 47/54 MP: 0/0
   177 | D        | Entered arena 3.
   177 | D        | Found the amulet of Vitality {RegenMP++ Regen++}
   177 | D        | Noticed a wolf
   177 | D        | Found a transporter.
   184 | D        | Killed a wolf
   185 | D        | Reached skill level 2 in Shields
   197 | D        | Got the staff of fire "Xesaf" {rElec rF+ Dex+4 SInv}
   201 | D        | Got the ring of Nabooma {rN+++ Str+2 Dex+6 SInv Stlth-}
   314 | D        | Entered arena 4.
   314 | D        | Found a transporter.
   318 | D        | Reached XP level 7. HP: 47/60 MP: 0/0
   318 | D        | Learned a level 2 spell: Static Discharge
   320 | D        | Reached skill level 3 in Shields
   330 | D        | Entered arena 5.
   330 | D        | Noticed a yak
   330 | D        | Found a transporter.
   336 | D        | Killed a yak
   337 | D        | Reached skill level 5 in Dodging
   337 | D        | Reached skill level 4 in Shields
   337 | D        | Reached XP level 8. HP: 67/67 MP: 0/0
   350 | D        | Entered arena 6.
   350 | D        | Found a transporter.
   366 | D        | Got the ring of Fedarong {Wiz rC+ Int+7}
   375 | D        | Entered arena 7.
   375 | D        | Noticed a draconian
   375 | D        | Noticed a draconian
   375 | D        | Noticed a white draconian
   375 | D        | Noticed a white draconian
   375 | D        | Noticed a draconian
   375 | D        | Noticed a draconian
   380 | D        | Killed a draconian
   381 | D        | Reached skill level 10 in Fighting
   381 | D        | Reached skill level 10 in Spellcasting
   381 | D        | Reached skill level 5 in Armour
   381 | D        | Reached skill level 5 in Shields
   381 | D        | Found a transporter.
   381 | D        | Killed a draconian
   382 | D        | Reached skill level 6 in Shields
   382 | D        | Reached XP level 9. HP: 74/74 MP: 0/0
   382 | D        | Learned a level 3 spell: Frozen Ramparts
   382 | D        | Killed a draconian
   382 | D        | Killed a white draconian
   383 | D        | Reached skill level 9 in Shields
   385 | D        | Reached * piety under Ashenzari
   385 | D        | Identified the staff of conjuration "Taseuh" {Str+2}
   389 | D        | Killed a draconian
   390 | D        | Reached XP level 10. HP: 71/81 MP: 0/0
   392 | D        | Killed a white draconian
   393 | D        | Reached skill level 10 in Armour
   393 | D        | Reached skill level 10 in Shields
   418 | D        | Entered arena 8.
   418 | D        | Identified the ring "Zuesh" {rF+ rC+ Will+ Int+6 Stlth+}
   418 | D        | Noticed a wretched star
   420 | D        | Found a transporter.
   428 | D        | Killed a wretched star
   436 | D        | Reached ** piety under Ashenzari
   468 | D        | Entered arena 9.
   468 | D        | Identified the Writings on Illusion
   469 | D        | Found a transporter.
   494 | D        | Entered arena 10.
   494 | D        | Identified the +4 hand axe "Igulouguq" {flame, rF+ Int+2
                  | Dex+5}
   494 | D        | Noticed a green death
   495 | D        | Found a transporter.
   501 | D        | Reached skill level 11 in Shields
   507 | D        | Killed a green death
   524 | D        | Entered arena 11.
   524 | D        | Identified the ring "Noggin" {*Slow Will+ Str+2 Int+3}
   524 | D        | Identified the +5 spear of Magnificence {flame, rF- rC-
                  | Str+9 Stlth+}
   524 | D        | Identified the +2 short sword "Jyso" {venom, rC+ Str-3
                  | Dex+2}
   524 | D        | Noticed a shining eye
   526 | D        | Found a transporter.
   531 | D        | Reached skill level 1 in Evocations
   531 | D        | Reached XP level 11. HP: 94/94 MP: 0/0
   531 | D        | Learned a level 4 spell: Flame Wave
   543 | D        | Killed a shining eye
   544 | D        | Reached skill level 12 in Shields
   563 | D        | Entered arena 12.
   563 | D        | Identified the Precepts of Arenous Shaping
   563 | D        | Noticed a cyan ugly thing
   563 | D        | Noticed an anaconda
   564 | D        | Noticed a sea snake
   564 | D        | a torpor snail changed into a steelbarb worm
   564 | D        | Noticed a steelbarb worm (glowing shapeshifter)
   565 | D        | a merfolk changed into a wolf spider
   565 | D        | Noticed a wolf spider (glowing shapeshifter)
   565 | D        | an anaconda changed into a boulder beetle
   565 | D        | Noticed a boulder beetle (glowing shapeshifter)
   566 | D        | a boulder beetle changed into an ice dragon
   566 | D        | Noticed an ice dragon (glowing shapeshifter)
   569 | D        | a wolf spider changed into a torpor snail
   569 | D        | a torpor snail changed into a cyclops
   569 | D        | Noticed a cyclops (glowing shapeshifter)
   569 | D        | a sea snake changed into a wolf spider
   569 | D        | Noticed a wolf spider (glowing shapeshifter)
   569 | D        | an ice dragon changed into a satyr
   569 | D        | Noticed a satyr (glowing shapeshifter)
   570 | D        | Reached skill level 5 in Evocations
   570 | D        | Killed a cyan ugly thing
   571 | D        | Reached skill level 13 in Shields
   571 | D        | Killed a satyr
   573 | D        | Killed a cyclops
   573 | D        | a wolf spider changed into a spark wasp
   573 | D        | Noticed a spark wasp (glowing shapeshifter)
   574 | D        | a steelbarb worm changed into a floating eye
   575 | D        | a spark wasp changed into a tyrant leech
   577 | D        | Found a transporter.
   577 | D        | a tyrant leech changed into a five-headed hydra
   577 | D        | Noticed a five-headed hydra (glowing shapeshifter)
   579 | D        | Reached *** piety under Ashenzari
   583 | D        | Killed a five-headed hydra
   584 | D        | Reached skill level 14 in Shields
   606 | D        | Entered arena 13.
   607 | D        | Noticed an elephant
   607 | D        | Identified the staff of earth "Seurpheco" {rElec rPois
                  | rCorr}
   608 | D        | Found a transporter.
   611 | D        | Reached skill level 15 in Shields
   612 | D        | Reached skill level 16 in Shields
   612 | D        | Reached XP level 12. HP: 101/101 MP: 0/0
   654 | D        | Entered arena 14.
   655 | D        | Noticed an ancient lich
   655 | D        | Noticed an ancient champion
   655 | D        | Noticed an ancient champion
   655 | D        | Noticed an ancient champion
   655 | D        | Noticed an ancient champion
   656 | D        | Noticed an iron giant
   656 | D        | Noticed a war gargoyle
   656 | D        | Noticed an iron dragon
   656 | D        | Noticed a crystal echidna
   656 | D        | Noticed an ancient champion
   656 | D        | Noticed an ancient lich
   656 | D        | Identified the +4 leather armour "Ythuobaok" {Str+4 Int+4
                  | Dex+3}
   656 | D        | Identified the +12 dagger of Starshine {elec, rF+ Stlth+}
   657 | D        | Found a transporter.
   664 | D        | Killed from afar by a hellion

Illustrated notes

Levels and vault maps discovered:
D:        sprint_v [room_start, room_1, room_2, room_3, room_4, room_5, room_6,
          room_7, room_8, room_9, room_10, room_11, room_12, room_13, room_14,
          room_15, room_16, room_17, room_18, room_19, room_20, room_21,
          room_22, room_23, room_24, room_25, room_26, room_27]

Skill      XL: |  1  2  3  4  5  6  7  8  9 10 11 |
---------------+----------------------------------+-----
Fighting       | 5 7 8 9 10 12 | 12.4
Spellcasting   | 5 7 8 9 10 | 10.0
Armour         | 2 4 6 9 11 12 | 12.0
Dodging        | 4 5 7 9 |  9.6
Shields        | 2 4 6 9 11 16 | 16.6
Evocations     | 1 8 |  8.6
Stealth        | |  1.5

Action                     |  1- 3 |  4- 6 |  7- 9 | 10-12 || total
---------------------------+-------+-------+-------+-------++-------
   Cast: Searing Ray       |       |     1 |     1 |       ||     2
         Wereblood         |       |     1 |       |     1 ||     2
         Iskenderun's Myst |       |     2 |     6 |    25 ||    33
         Dazzling Flash    |       |     1 |       |       ||     1
         Frozen Ramparts   |       |       |     1 |       ||     1
         Static Discharge  |       |       |       |     6 ||     6
         Fulminant Prism   |       |       |       |     3 ||     3
         Flame Wave        |       |       |       |     7 ||     7
 Invoke: Curse Item        |       |       |     2 |     2 ||     4
  Evoke: Wand              |     2 |       |     2 |     2 ||     6
         Lightning rod     |       |     3 |     4 |       ||     7
         Condenser vane    |       |       |     1 |     3 ||     4
         Tin of tremorston |       |       |       |     1 ||     1
    Use: Potion            |     2 |       |       |       ||     2
         Scroll            |       |       |       |     5 ||     5
 Armour: Ice dragon scales |     7 |     5 |     3 |    23 ||    38
  Dodge: Dodged            |     3 |     3 |     1 |     3 ||    10
  Block: Buckler           |     2 |     3 |     4 |       ||     9
         Kite shield       |       |       |       |    52 ||    52

Table legend: (Time is in decaauts)
 A = Elapsed time spent in this place.
 B = Non-inter-level travel time spent in this place.
 C = Inter-level travel time spent in this place.
 D = Time resting spent in this place.
 E = Time spent auto-exploring this place.
 F = Levels seen in this place.
 G = Mean time per level.
                   A        B        C        D        E       F      G
               +--------+--------+--------+--------+--------+-----+--------+
         Total |    649 |    633 |     16 |    140 |     36 |   1 |  649.0 |
       Dungeon |    649 |    633 |     16 |    140 |     36 |   1 |  649.0 |
               +--------+--------+--------+--------+--------+-----+--------+

Top non-repeatable levels by time:
       D: 649 daAuts
